 Dungeon Crawl Stone Soup version 0.22.1-7-g5c428e7 (webtiles) character file.

8254 Woggle the Grappler (level 11, -15/106 (108) HPs)
             Began as an Ogre Transmuter on Feb 24, 2019.
             Was a Follower of Hepliaklqana.
             Demolished by Snorg (18 damage)
             ... on level 10 of the Dungeon.
             The game lasted 00:49:36 (14909 turns).

Woggle the Grappler (Ogre Transmuter)              Turns: 14909, Time: 00:49:36

HP:   -15/106 (108) AC:  6    Str: 16    XL:     11   Next: 28%
MP:   7/21          EV: 10    Int: 14    God:    Hepliaklqana [*.....]
Gold: 363           SH:  0    Dex: 12    Spells: 6/24 levels left

rFire    . . .     SeeInvis .     - Unarmed
rCold    + + +     Gourm    .   (shield currently unavailable)
rNeg     . . .     Faith    .   (armour currently unavailable)
rPois    +         Spirit   .   (helmet currently unavailable)
rElec    .         Reflect  .   (cloak currently unavailable)
rCorr    +         Harm     .   (gloves unavailable)
MR       +....                  (boots unavailable)
Stlth    +.........             P - amulet of regeneration
HPRegen  0.67/turn              e - ring of resist corrosion
MPRegen  0.17/turn              R - ring of protection from fire

@: ice-form
A: large, unfitting armour, reduced essence
a: End Transformation, Recall Ancestor, Ancestor Identity, Renounce Religion


You were on level 10 of the Dungeon.
You worshipped Hepliaklqana.
Hepliaklqana was aware of your devotion.
You were not hungry.
You were a creature of crystalline ice.
You visited 1 branch of the dungeon, and saw 10 of its levels.

You collected 486 gold pieces.
You spent 123 gold pieces at shops.

Inventory:

Hand Weapons
 o - a cursed +0 trident
 F - a cursed -2 trident
 K - the +2 hand crossbow of Brutal Revenge {flame, Stlth+}
   (You found it on level 7 of the Dungeon)

   It causes projectiles fired from it to burn those they strike, causing extra
   injury to most foes and up to half again as much damage against particularly
   susceptible opponents.
   It makes you more stealthy.
 N - a +1 spear
 S - a +2 dagger of venom
Missiles
 a - 130 arrows
 g - 150 stones (quivered)
 p - 3 tomahawks
 x - 2 throwing nets
 V - 3 tomahawks of returning
Armour
 b - a +0 robe
 M - a +2 robe of magic resistance (melded)
Magical Staves
 C - an uncursed staff of poison
Jewellery
 e - a ring of resist corrosion (left front paw)
 l - an uncursed amulet of guardian spirit
 t - an uncursed amulet of the acrobat
 H - an uncursed ring of fire
 P - an amulet of regeneration (around neck)
 R - a ring of protection from fire (right front paw)
Wands
 u - a wand of enslavement (17)
 A - a wand of iceblast (10)
 D - a wand of flame (44)
Scrolls
 c - 2 scrolls of identify
 h - 3 scrolls of teleportation
 i - a scroll of enchant weapon {unknown}
 j - 3 scrolls of remove curse
 m - 2 scrolls of fear
 r - 3 scrolls of magic mapping
 s - 4 scrolls of fog
 y - 2 scrolls of vulnerability
 z - a scroll of blinking
 B - a scroll of enchant armour {unknown}
 G - a scroll of amnesia {unknown}
 O - a scroll of noise {unknown}
Potions
 f - a potion of flight {unknown}
 k - 2 potions of lignification
 n - 2 potions of invisibility
 q - 4 potions of curing
 v - a potion of heal wounds {unknown}
 w - a potion of agility {unknown}
 E - a potion of haste {unknown}
 I - a potion of degeneration {unknown}
 J - a potion of might
 L - a potion of brilliance {unknown}
 Q - a potion of mutation {unknown}
 U - a potion of cancellation {unknown}
Comestibles
 d - 13 rations
 T - 2 chunks of flesh


   Skills:
 + Level 4.6 Fighting
 - Level 1.7 Dodging
 - Level 0.2 Stealth
 + Level 8.6 Unarmed Combat
 + Level 7.3 Spellcasting
 - Level 4.0 Conjurations
 - Level 4.0 Summonings
 - Level 3.0 Translocations
 * Level 6.7 Transmutations
 - Level 4.0 Fire Magic
 * Level 1.9 Ice Magic
 - Level 5.0 Poison Magic
 - Level 0.2 Evocations


You had 6 spell levels left.
You knew the following spells:

 Your Spells              Type           Power        Failure   Level  Hunger
a - Beastly Appendage     Tmut           ###...       1%          1    None
b - Sticks to Snakes      Tmut           ###.....     1%          2    None
c - Spider Form           Tmut/Pois      ###.......   3%          3    ##.....
d - Blink                 Tloc           N/A          6%          2    None
e - Call Imp              Summ           ###.....     4%          2    None
f - Conjure Flame         Conj/Fire      ###.....     8%          3    ##.....
g - Magic Dart            Conj           ###.         2%          1    None
h - Ice Form              Ice/Tmut       ###.....     22%         4    ####...

Your spell library contained the following spells:

 Spells                   Type           Power        Failure   Level  Hunger
 Mephitic Cloud           Conj/Pois/Air  ##......     12%         3    ##.....
 Corona                   Hex            #......      14%         1    None
 Ensorcelled Hibernation  Hex/Ice        #.....       14%         2    None
 Dazzling Spray           Conj/Hex       ##....       19%         3    ##.....
 Slow                     Hex            #.......     22%         2    None
 Blade Hands              Tmut           ###.......   24%         5    #####..
 Confuse                  Hex            #.......     38%         3    ##.....
 Tukima's Dance           Hex            #.......     38%         3    ##.....


Dungeon Overview and Level Annotations

Branches:
Dungeon (10/15)            Temple (0/1) D:6            Lair (0/6) D:10
    Orc: D:9-12

Altars:
Dithmenos
Elyvilon
Hepliaklqana
Kikubaaqudgha
Sif Muna
The Shining One

Shops:
D:5 ?

Annotations:
D:3 exclusion: downstairs
D:6 exclusion: downstairs
D:7 1 runed door, exclusion: downstairs
D:8 exclusion: downstairs
D:9 exclusion: ancestor
D:10 exclusions: electric eel and 1 more exclusion, Snorg


Innate Abilities, Weirdness & Mutations

You are too large for most types of armour.
((You have tough skin. (AC +1)))
Your life essence is reduced to manifest your ancestor. (-10% HP)


Message History

Your +2 robe of magic resistance melds into your body.
You feel less resistant to hostile enchantments.
Snorg is engulfed in blazing flames.
Snorg bites you! Snorg claws you but does no damage. Snorg claws you.
You punch Snorg! You freeze Snorg.
Snorg is moderately wounded.
Snorg is engulfed in blazing flames.
Snorg bites you. Snorg claws you! Snorg claws you but does no damage.
You hit Snorg. You freeze Snorg.
Snorg is moderately wounded.
Snorg is engulfed in blazing flames.
Snorg bites you! Snorg barely misses you. Snorg claws you.
Snorg is engulfed in blazing flames.
Snorg barely misses you. Snorg completely misses you. Snorg barely misses you.
Unknown command.
You punch Snorg! You freeze Snorg.
Snorg is heavily wounded.
Snorg is engulfed in blazing flames.
Snorg bites you!!
* * * LOW HITPOINT WARNING * * *
Snorg claws you!!
You die...

#............##.###.# #
#.##.#.#######..###.# #
#.##.#.# #....#.# #
#.##.#.# ##§..### #
#.##.#.# ##§§§.§## ..
#.##.#.# ####§§§.§§.##.#
#.##.#.# #.#§§§§.§§.§#.#
#.##.#.###..§§.§§§§§...#
#.##...Y.#..§§..§§§§.§.#
#.####.#T#.§§§..§.§§§§.#
#.####.....#.TT...§.§###
#..>.......##§§..§.§##
#........#.###§§T.§##
#...###..#.####...#####
#...........§....<..).#
##..###..#.###.########
#..# #..#.###.#####


You could see Snorg (berserk).

Vanquished Creatures
  Joseph (D:8)
  Psyche (D:10)
  A troll (D:10)
  A hornet (D:9)
  Grinder (D:6)
  A hippogriff (D:8)
  2 wyverns
  2 yaks
  Eustachio (D:5)
  A steam dragon (D:10)
  Grum (D:8)
  Menkaure (D:5)
  2 water moccasins
  An ice beast (D:9)
  6 orc warriors
  2 phantoms
  2 sky beasts
  2 ogres
  A necrophage (D:8)
  5 wolves
  3 crocodiles
  2 centaurs
  8 bullfrogs
  4 scorpions
  3 killer bees (D:8)
  2 wights (D:8)
  5 crimson imps
  A centaur zombie (D:7)
  A quasit (D:8)
  5 hounds
  A jelly (D:7)
  A bullfrog skeleton (D:7)
  7 orc priests
  2 iguanas (D:10)
  7 orc wizards
  2 centaur skeletons
  Natasha (D:3)
  4 worker ants
  A hound zombie (D:7)
  A howler monkey zombie (D:7)
  A howler monkey skeleton (D:9)
  2 worker ant zombies
  4 gnolls
  8 adders
  3 shadow imps
  An ooze (D:2)
  An adder zombie (D:8)
  2 adder skeletons
  2 worms (D:2)
  2 dart slugs
  42 orcs
  5 bats
  5 giant cockroaches
  9 goblins
  6 hobgoblins
  9 jackals
  10 kobolds
  2 quokkas
  3 ball pythons
  2 frilled lizards
  A quokka skeleton (D:6)
  8 rats
224 creatures vanquished.

Vanquished Creatures (collateral kills)
  A wyvern (D:9)
  2 yaks (D:10)
  A hungry ghost (D:8)
  A phantom (D:10)
  2 ogres
  A centaur (D:8)
  A big kobold (D:9)
  A wight (D:8)
  A bullfrog zombie (D:8)
  An orc wizard (D:8)
  A hound (D:10)
  A centaur skeleton (D:9)
  Natasha (D:3)
  2 gnolls (D:9)
  2 adders
  3 orcs
22 creatures vanquished.

Vanquished Creatures (others)
  6 ancestors
6 creatures vanquished.

Grand Total: 252 creatures vanquished

Notes
Turn   | Place    | Note
-------+----------+-------------------------------------------
     0 | D:1      | Woggle the Ogre Transmuter began the quest for the Orb.
     0 | D:1      | Reached XP level 1. HP: 19/19 MP: 3/3
   215 | D:1      | Reached XP level 2. HP: 23/27 MP: 3/5
   253 | D:1      | Learned a level 2 spell: Sticks to Snakes
   282 | D:1      | Reached skill level 3 in Unarmed Combat
  1003 | D:1      | Reached XP level 3. HP: 30/33 MP: 5/7
  1514 | D:2      | Learned a level 3 spell: Spider Form
  1814 | D:2      | Reached XP level 4. HP: 25/42 MP: 6/8
  3214 | D:3      | Noticed Natasha
  3229 | D:3      | Killed Natasha
  3229 | D:3      | Reached skill level 1 in Poison Magic
  3229 | D:3      | Reached XP level 5. HP: 49/49 MP: 3/10
  3331 | D:3      | Found a faded altar of an unknown god.
  3567 | D:3      | Noticed Natasha
  3579 | D:3      | Killed Natasha
  3897 | D:4      | Reached skill level 4 in Unarmed Combat
  3897 | D:4      | Reached XP level 6. HP: 28/58 MP: 4/11
  4365 | D:4      | Learned a level 2 spell: Blink
  4368 | D:4      | Learned a level 2 spell: Call Imp
  5320 | D:5      | Entered Level 5 of the Dungeon
  5419 | D:5      | Noticed Menkaure
  5419 | D:5      | Noticed Eustachio
  5552 | D:5      | Found Zuesuesoy's Magic Scroll Boutique.
  5583 | D:5      | Killed Menkaure
  5583 | D:5      | Reached skill level 1 in Summonings
  5583 | D:5      | Reached skill level 1 in Translocations
  5583 | D:5      | Reached XP level 7. HP: 35/66 MP: 2/13
  5732 | D:5      | Bought a scroll of blinking for 97 gold pieces
  5732 | D:5      | Bought a scroll of identify for 26 gold pieces
  5765 | D:5      | Found a white marble altar of Elyvilon.
  5771 | D:5      | Learned a level 3 spell: Conjure Flame
  5778 | D:5      | Found a glowing golden altar of the Shining One.
  5779 | D:5      | Found an ancient bone altar of Kikubaaqudgha.
  5837 | D:5      | Killed Eustachio
  6760 | D:6      | Noticed Grinder
  6771 | D:6      | Killed Grinder
  6771 | D:6      | Reached skill level 5 in Unarmed Combat
  6771 | D:6      | Reached XP level 8. HP: 41/74 MP: 12/15
  6788 | D:6      | Found a deep blue altar of Sif Muna.
  7096 | D:6      | Reached skill level 5 in Spellcasting
  7121 | D:6      | Found a staircase to the Ecumenical Temple.
  8711 | D:7      | Reached skill level 1 in Conjurations
  8711 | D:7      | Reached skill level 1 in Fire Magic
  8766 | D:7      | Reached XP level 9. HP: 54/81 MP: 12/16
  8941 | D:7      | Found a runed door.
  8941 | D:7      | Noticed a sixfirhy
  9066 | D:7      | Reached skill level 6 in Unarmed Combat
  9607 | D:7      | Got an ebony hand crossbow
  9608 | D:7      | Identified the cursed +2 hand crossbow of Brutal Revenge
                  | {flame, Stlth+} (You found it on level 7 of the Dungeon)
  9898 | D:8      | Noticed Joseph
  9995 | D:8      | Killed Joseph
 10109 | D:8      | Found a hazy altar of Hepliaklqana.
 10333 | D:8      | Became a worshipper of Hepliaklqana the Forgotten
 10634 | D:8      | Reached skill level 5 in Transmutations
 10754 | D:8      | Noticed Grum
 10781 | D:8      | Killed Grum
 10781 | D:8      | Reached skill level 7 in Unarmed Combat
 10781 | D:8      | Reached XP level 10. HP: 47/82 MP: 14/18
 11396 | D:7      | Learned a level 1 spell: Magic Dart
 12455 | D:9      | Paralysed by a hornet for 1 turns
 12828 | D:9      | Reached * piety under Hepliaklqana
 12901 | D:9      | Reached skill level 5 in Poison Magic
 13224 | D:9      | Learned a level 4 spell: Ice Form
 13325 | D:9      | Reached skill level 8 in Unarmed Combat
 13456 | D:10     | Entered Level 10 of the Dungeon
 13529 | D:10     | Noticed Psyche
 13541 | D:10     | Killed Psyche
 13541 | D:10     | Reached skill level 1 in Ice Magic
 13541 | D:10     | Reached XP level 11. HP: 77/89 MP: 15/21
 13587 | D:10     | Found a shadowy altar of Dithmenos.
 13613 | D:10     | Noticed Snorg
 14157 | D:10     | HP: 4/89 [phantom (7)]
 14637 | D:10     | Found a staircase to the Lair.
 14909 | D:10     | HP: 3/106 [Snorg (30)]
 14909 | D:10     | Demolished by Snorg

Skill      XL: |  1  2  3  4  5  6  7  8  9 10 11 |
---------------+----------------------------------+-----
Unarmed Combat | 3 4 5 7 8 |  8.6
Transmutations | 2 3 4 5 6 |  6.7
Spellcasting   | 3 4 5 6 7 |  7.3
Fighting       | 2 3 4 |  4.6
Poison Magic   | 1 2 3 4 5 |  5.0
Summonings     | 1 2 3 4 |  4.0
Translocations | 1 2 3 |  3.0
Conjurations   | 1 2 4 |  4.0
Fire Magic     | 1 2 4 |  4.0
Ice Magic      | 1 |  1.9
Dodging        | |  1.7
Stealth        | |  0.2
Evocations     | |  0.2

Action                   |  1- 3 |  4- 6 |  7- 9 | 10-12 || total
-------------------------+-------+-------+-------+-------++-------
Melee: Unarmed           |   129 |   198 |   358 |   270 ||   955
       Headbutt          |    11 |    15 |    16 |    12 ||    54
       Kick              |    10 |    20 |    35 |     3 ||    68
       Punch             |       |     3 |     1 |     1 ||     5
Throw: Stone             |       |     4 |       |       ||     4
 Cast: Beastly Appendage |    21 |    32 |    24 |    10 ||    87
       Sticks to Snakes  |     2 |    11 |       |       ||    13
       Spider Form       |       |     2 |    23 |    28 ||    53
       Blink             |       |     1 |       |    10 ||    11
       Magic Dart        |       |       |       |    25 ||    25
       Conjure Flame     |       |       |       |     7 ||     7
       Ice Form          |       |       |       |     3 ||     3
Invok: Ancestor Identity |       |       |     1 |       ||     1
       Recall Ancestor   |       |       |       |     1 ||     1
Evoke: Wand              |       |       |       |     1 ||     1
  Use: Scroll            |       |       |     8 |     4 ||    12
       Potion            |       |       |     1 |       ||     1
 Stab: Distracted        |       |       |     1 |     1 ||     2
  Eat: Chunk             |     3 |     6 |    12 |    16 ||    37
       Ration            |       |     2 |     2 |       ||     4
Armor: Robe              |    44 |    52 |    35 |    13 ||   144
       Skin              |       |       |     6 |     9 ||    15
Dodge: Dodged            |    81 |   137 |   227 |   203 ||   648
